 Dungeon Crawl Stone Soup version 0.22.1-2-g9c5b331 (webtiles) character file.

341 Gearfox the Cleaver (level 6, -1/51 HPs)
             Began as a Hill Orc Fighter on Nov 27, 2018.
             Slain by a worker ant (6 damage)
             ... on level 4 of the Dungeon.
             The game lasted 00:16:22 (3228 turns).

Gearfox the Cleaver (Hill Orc Fighter)              Turns: 3228, Time: 00:16:23

Health: -1/51      AC:  9    Str: 21    XL:     6   Next: 56%
Magic:  6/6        EV:  7    Int:  8    God:
Gold:   96         SH:  0    Dex: 10    Spells: 5/5 levels left

rFire    . . .     SeeInvis .   a - +0 war axe
rCold    . . .     Gourm    .   (no shield)
rNeg     . . .     Faith    .   k - +0 chain mail
rPois    .         Spirit   .   (no helmet)
rElec    .         Reflect  .   (no cloak)
rCorr    .         Harm     .   (no gloves)
MR       .....                  (no boots)
Stlth    ..........             g - amulet of the acrobat
HPRegen  0.17/turn              (no ring)
MPRegen  0.10/turn              (no ring)

@: no status effects
A: no striking features
a: no special abilities


You were on level 4 of the Dungeon.
You were not hungry.

You visited 1 branch of the dungeon, and saw 4 of its levels.

You collected 96 gold pieces.

Inventory:

Hand Weapons
 a - a +0 war axe (weapon)
Armour
 b - a +0 scale mail
 c - a +1 shield
 k - a +0 chain mail (worn)
 p - a cursed +0 leather armour
Jewellery
 g - an amulet of the acrobat (around neck)
 h - a cursed amulet of inaccuracy {unknown}
 j - an uncursed ring of resist corrosion {unknown}
 r - a cursed ring of attention {unknown}
Wands
 q - a wand of random effects (8)
Scrolls
 n - a scroll of amnesia
Potions
 d - a potion of lignification {unknown}
 e - a potion of haste {unknown}
 l - a potion of resistance {unknown}
 m - a potion of brilliance {unknown}
 o - a potion of might
Comestibles
 f - 2 rations


   Skills:
 - Level 3.6 Fighting
 * Level 8.9 Axes
 - Level 3.2 Armour
 - Level 3.2 Shields


You had 5 spell levels left.
You didn't know any spells.
Your spell library contained the following spells:

 Spells                   Type           Power        Failure   Level  Hunger
 Animate Skeleton         Necr           N/A          99%         1    ##.....
 Apportation              Tloc           #.....       99%         1    ##.....
 Confusing Touch          Hex            #.....       99%         1    ##.....
 Summon Small Mammal      Summ           #...         99%         1    ##.....


Dungeon Overview and Level Annotations

Branches:
Dungeon (4/15)
 Temple: D:4-7

Altars:
Hepliaklqana


Message History

The orc wizard gestures wildly while chanting.
The orc wizard blinks!
You slash something!
Reactivating autopickup.
You feel a bit more experienced.
Your chain mail prevents you from hitting the worker ant.
The worker ant bites you but does no damage.
You closely miss the worker ant. The worker ant bites you.
* * * LOW HITPOINT WARNING * * *
You slash the worker ant!
The worker ant is heavily wounded.
The worker ant bites you but does no damage.
You closely miss the worker ant.
The worker ant is heavily wounded.
The worker ant bites you.
* * * LOW HITPOINT WARNING * * *
You barely miss the worker ant.
The worker ant is heavily wounded.
The worker ant bites you.
You die...

#.§....# ######§#
#.# #.# #o# #o# #.#
#################.#
#<..........@aoo..#
###################


You could see a worker ant, an orc wizard and an orc.

Vanquished Creatures
  A bullfrog (D:3)
  2 hounds
  An orc priest (D:3)
  2 orc wizards
  A worker ant (D:4)
  3 adders
  An ooze (D:2)
  3 worms (D:3)
  2 leopard geckos (D:3)
  9 orcs
  6 bats
  2 giant cockroaches (D:1)
  9 goblins
  5 hobgoblins
  4 jackals (D:3)
  2 kobolds (D:2)
  A quokka (D:3)
  3 frilled lizards
  9 rats
  A fungus (D:1)
67 creatures vanquished.

Notes
Turn   | Place    | Note
-------+----------+-------------------------------------------
     0 | D:1      | Gearfox the Hill Orc Fighter began the quest for the Orb.
     0 | D:1      | Reached XP level 1. HP: 19/19 MP: 1/1
   168 | D:1      | Reached skill level 3 in Axes
   292 | D:1      | Reached XP level 2. HP: 23/26 MP: 2/2
   449 | D:1      | Reached skill level 4 in Axes
   731 | D:2      | Reached skill level 5 in Axes
   731 | D:2      | Reached XP level 3. HP: 25/31 MP: 3/3
  1044 | D:2      | Reached XP level 4. HP: 9/39 MP: 4/4
  1559 | D:2      | Reached skill level 6 in Axes
  2201 | D:3      | Reached XP level 5. HP: 32/45 MP: 5/5
  2358 | D:3      | Reached skill level 7 in Axes
  2636 | D:3      | Found a hazy altar of Hepliaklqana.
  2761 | D:3      | Reached skill level 8 in Axes
  2902 | D:3      | Reached XP level 6. HP: 41/51 MP: 6/6
  3228 | D:4      | Slain by a worker ant

Skill      XL: |  1  2  3  4  5 |
---------------+----------------+-----
Axes           | 3 5 6 8 |  8.9
Fighting       | |  3.6
Armour         | |  3.2
Shields        | |  3.2

Action                   |  1- 3 |  4- 6 || total
-------------------------+-------+-------++-------
Melee: War axe           |    89 |   190 ||   279
  Use: Scroll            |     1 |     3 ||     4
       Potion            |     1 |       ||     1
  Eat: Chunk             |       |     4 ||     4
       Ration            |       |     1 ||     1
Armor: Scale mail        |    19 |       ||    19
       Chain mail        |    35 |   104 ||   139
Dodge: Dodged            |    29 |    94 ||   123
Block: Shield            |    29 |       ||    29
